cohdb
Replays
Latest Replays
All Replays
Popular Replays
Top Player Replays
Match Explorer
How It Works
Community
CoH3 Stats
Reddit
Sign in to upload your games and track your stats! →
Sign in with Steam
Match 30774133
Unlisted
Match 30774133
Overview
Messages
Build Orders
End
250 Light Carrier
Panzergrenadier Squad
Panzergrenadier Squad
Construct Light Support Kompanie
Combat Half-tracks
Panzergrenadier Squad
Selects Armored Support Battlegroup
Selects Superior Fire Drills
Fire Support Elements
Selects Salvage Kits
Pak 38 Mechanized Group
Construct Panzerarmee Kommand
Selects Panzer Storm
Armored Reserves
Veteran Squad Leaders
Vehicle Survival Package
Rapid Advance
Panzergrenadier Squad
爱玩原神的跨性别女权主义黑人南通
173687052
QWQ
matrix4x4
Apollo
PzLock
SHIRO
MK-84
0
0
Comments
sign in to comment!
No comments posted yet!